Map: Ulrena

Players

zidar

  • Race: Zerg Zerg
  • League: Gold
  • Spawn Location: 11:00

Volc - Winner!

  • Race: Protoss Protoss
  • Spawn Location: 7:00

VOD

Have the link to the VOD?

Description

Time

  • Played on: June 14, 2016, 10:55 a.m.
  • Length: 6:29
Show
View Real Time Build Order
Export as new Build Order

zidar Zerg 

Build Orders: Pool First 

Get SALT Encoding   

  12  0:01  Drone  
  13  0:12  Overlord  
  13  0:17  Drone  
  14  0:30  Drone x2  
  16  0:47  Spawning Pool, Drone  
  16  1:12  Hatchery  
  16  1:14  Drone  
  16  1:17  Extractor  
  15  1:20  Drone  
  16  1:30  Drone  
  16  1:32  Overlord  
  17  1:45  Queen  
  19  1:50  Drone  
  20  2:00  Drone  
  21  2:07  Drone  
  22  2:10  Drone  
  22  2:20  Metabolic Boost  
  22  2:21  Queen  
  24  2:40  Roach Warren  
  24  2:41  Drone x3  
  26  2:56  Drone x4  
  30  3:06  Extractor, Drone x3  
  32  3:32  Overlord  
  32  3:33  Overlord x2  
  32  3:39  Drone  
  33  3:53  Zergling x8  
  33  3:54  Zergling x6  
  40  4:08  Lair  
  40  4:18  Drone x8  
  46  4:33  Roach x2  
  45  4:40  Roach x2  
  45  4:41  Roach x5  
  59  4:48  Extractor  
  59  4:49  Drone  
  51  5:15  Roach x4  
  51  5:16  Zergling x6  
  30  5:50  Roach x6  
Show
View Real Time Build Order
Export as new Build Order

Volc Protoss - Winner!

Build Orders:  

Get SALT Encoding   

  12  0:01  Probe (Chrono Boost)  
  13  0:19  Pylon  
  13  0:20  Probe (Chrono Boost)  
  14  0:31  Probe (Chrono Boost)  
  15  0:42  Probe (Chrono Boost), Gateway  
  16  0:47  Assimilator  
  16  0:52  Probe (Chrono Boost)  
  17  1:03  Probe (Chrono Boost)  
  18  1:13  Probe (Chrono Boost)  
  19  1:21  Pylon  
  19  1:45  Cybernetics Core  
  19  1:51  Assimilator  
  19  2:23  Gateway x2, Warp Gate (Chrono Boost)  
  19  2:25  Mothership Core (Chrono Boost), Gateway  
  21  2:31  Pylon  
  21  2:44  Adept  
  21  2:46  Probe  
  24  3:07  Pylon  
  24  3:16  Adept x3  
  24  3:17  Adept  
  31  3:47  Nexus  
  31  3:48  Sentry, Stalker  
  35  3:56  Stalker  
  37  4:06  Probe  
  38  4:18  Probe  
  39  4:43  Adept x4  
  45  5:07  Adept x3  
  39  5:44  Adept x4  
  43  6:20  Adept x4  
Tags
 
League
Gold
Matchup
PvZ
Opening
Pool First
Spawn Locations
Close Positions
Add a new tag
Caveats
  • Supply blocks, unpowered buildings, or Contaminate may cause inaccurate times.
  • Supply counts are checked every 10 seconds.